Cogmind - Beta 10.2 @@@ ROGUE MODE // 2021.05.22 @ 09:53:12 Player: Plexion Result: Self-destructed Performance ------------- Evolutions (1) 500 Regions Visited (5) 1000 Robots Destroyed (31) 155 Value Destroyed (623) 623 Prototype IDs (24) 480 Alien Tech Used (0) 0 Bonus (333) 333 TOTAL SCORE: 3091 Bonus ------- Follower Combat Kills 33 Aligned with FarCom 300 Cogmind --------- Core Integrity 60/400 Matter 45/300 Energy 250/250 System Corruption 0% Temperature Cool (0) Movement Treading (180) Ox1 Location -9/Exiles Parts ------- > --- POWER (1) -------- Ion Engine > --- PROPULSION (2) --- Light Treads Improved Treads > --- UTILITY (4) ------ High-capacity Storage Unit High-capacity Storage Unit > --- WEAPON (2) ------- Autogun Autogun > --- INVENTORY (20) --- Ion Engine Light Treads Light Treads Advanced Myomer Leg Superbattery (2000) Experimental Targeting Computer System Purifier Guided Plasma Cannon Assault Rifle Assault Rifle Heavy Assault Rifle Autogun Autogun Rocket Launcher Mini Grenade Launcher Peak State ------------ > --- POWER ------------ Ion Engine > --- PROPULSION ------- Light Treads Improved Treads > --- UTILITY ---------- High-capacity Storage Unit High-capacity Storage Unit System Purifier > --- WEAPON ----------- Autogun Autogun > --- INVENTORY -------- Ion Engine Light Treads Light Treads Advanced Myomer Leg Superbattery Experimental Targeting Computer Guided Plasma Cannon Assault Rifle Assault Rifle Heavy Assault Rifle Autogun Autogun Rocket Launcher Mini Grenade Launcher [Rating: 23] Favorites ----------- Power Ion Engine Engine Ion Engine Propulsion Light Treads Treads Light Treads Utility High-capacity Storage Unit Device System Purifier Storage High-capacity Storage Unit Protection Light Armor Plating Weapon Heavy Assault Rifle Ballistic Gun Heavy Assault Rifle Launcher Mini Grenade Launcher Special Weapon Mining Laser Build | -11 -10 -10 -9 -9 -9 ------- Run | Scr Mat Min Mat Min Exi Slots Evolved 2 | . . . 2 . . Power . | . . . . . . Propulsion . | . . . . . . Utility 2 | . . . 2 . . Weapon . | . . . . . . Parts Attached 39 | 6 4 . 5 3 21 Power 2 | 1 . . . . 1 Engine 2 | 1 . . . . 1 Core . | . . . . . . Reactor . | . . . . . . Propulsion 7 | 2 . . . . 5 Treads 7 | 2 . . . . 5 Leg . | . . . . . . Wheel . | . . . . . . Hover . | . . . . . . Flight . | . . . . . . Utility 12 | 1 2 . 3 . 6 Device 1 | . . . . . 1 Storage 6 | 1 2 . 2 . 1 Processor . | . . . . . . Hackware . | . . . . . . Protection 5 | . . . 1 . 4 Artifact . | . . . . . . Weapon 18 | 2 2 . 2 3 9 Energy Gun . | . . . . . . Energy Cannon . | . . . . . . Ballistic Gun 12 | 2 2 . 1 . 7 Ballistic Cannon . | . . . . . . Launcher 5 | . . . 1 2 2 Special Weapon 1 | . . . . 1 . Impact Weapon . | . . . . . . Slashing Weapon . | . . . . . . Piercing Weapon . | . . . . . . Special Melee Weapon . | . . . . . . Unidentified Prototypes 1 | . . . . . 1 Parts Lost 14 | . . . . . 14 Power 1 | . . . . . 1 Propulsion 5 | . . . . . 5 Utility 5 | . . . . . 5 Weapon 3 | . . . . . 3 Highest Loss Streak 8 | . . . . . 8 Average Slot Usage (%) 95 | . 99 100 96 100 91 Engine 11 | . 14 14 11 11 10 Treads 23 | . 28 28 22 22 21 Storage 26 | . 27 28 33 33 23 Protection 8 | . . . 8 11 13 Ballistic Gun 22 | . 28 28 21 18 20 Naked Turns . | . . . . . . Heaviest Build 94 | 13 43 43 78 78 94 Greatest Support 43 | 40 40 40 40 40 43 Greatest Overweight (x) 3 | . 1 1 1 1 3 Average Overweight (x) 1 | . . 1 1 1 1 Largest Inventory Capacity 26 | 6 16 16 24 24 26 Average Capacity 19 | 5 15 16 21 24 21 Most Carried 25 | 2 11 12 22 24 25 Average Carried 15 | . 8 11 16 22 18 Final Capacity 24 | 6 16 16 24 24 20 Final Carried 24 | 2 11 12 22 24 15 Class Distribution -------------------- 64% | Hauler-Mutant 35% | Mutant Dominant Class ---------------- Mutant | -10/Materials Mutant | -10/Mines Hauler-Mutant | -9/Materials Hauler-Mutant | -9/Mines Hauler-Mutant | -9/Exiles Resources | -11 -10 -10 -9 -9 -9 ----------- Run | Scr Mat Min Mat Min Exi Matter Collected 1993 | 207 300 . 188 . 1298 Remotely . | . . . . . . Salvage Created 1285 | . 657 . 122 . 506 Parts 99 | . 37 . 8 . 54 Haulers Intercepted 2 | . 2 . . . . Recyclers Shooed 1 | . . . 1 . . Parts Field Recycled . | . . . . . . Retrieved Matter . | . . . . . . Parts Self-Destructed . | . . . . . . Prevented . | . . . . . . Kills | -11 -10 -10 -9 -9 -9 ------- Run | Scr Mat Min Mat Min Exi Combat Hostiles Destroyed 21 | . 11 . 4 . 6 Guns 14 | . 11 . 2 . 1 AOE 7 | . . . 2 . 5 Classes Destroyed 10 | . 4 . 3 . 3 Worker 1 | . . . 1 . . Hauler 2 | . 2 . . . . Recycler 1 | . 1 . . . . Turret 1 | . . . . . 1 Watcher 1 | . 1 . . . . Swarmer 2 | . . . 2 . . Grunt 12 | . 11 . 1 . . Sentry 1 | . . . 1 . . Zionite 7 | . . . . . 7 Assembled 5 | . . . . . 5 Best Kill Streak 5 | . 2 . 2 . 5 Combat Bots Only 4 | . 2 . 2 . 4 Max Kills in Single Turn 2 | . 1 . 1 . 2 Gunslinging . | . . . . . . Exploded 2 | . . . 1 . 2 Melee . | . . . . . . Uniques/NPCs Destroyed 4 | . . . . . 4 8R-AWN (-9/Exiles) EX-BIN (-9/Exiles) EX-HEX (-9/Exiles) EX-DEC (-9/Exiles) Combat | -11 -10 -10 -9 -9 -9 -------- Run | Scr Mat Min Mat Min Exi Damage Taken 2279 | . 338 . 115 12 1814 Core 385 | . 45 . 16 . 324 Absorbed by Shields . | . . . . . . Core Remaining (%) 91 | 100 . 82 . . . Volleys Fired 201 | . 38 2 15 5 141 Largest 2 | . 2 2 2 2 2 Hottest 123 | . 46 46 46 123 46 Shots Fired 367 | . 76 4 26 7 254 Gun 331 | . 76 4 22 2 227 Cannon . | . . . . . . Launcher 31 | . . . 4 . 27 Special 5 | . . . . 5 . Kinetic 331 | . 76 4 22 2 227 Thermal 5 | . . . . 5 . Explosive 31 | . . . 4 . 27 Electromagnetic . | . . . . . . Robot Hit Streak 17 | . 8 . 6 . 17 Robot Miss Streak 5 | . 3 4 5 . 3 Penetration Max . | . . . . . . Secondary Targets . | . . . . . . Shots Hit Robots 243 | . 53 . 16 . 174 Core Hits 80 | . 22 . 7 . 51 Critical Hits 5 | . . . . . 5 Critical Kills . | . . . . . . Critical Parts Destroyed 1 | . . . . . 1 Melee Attacks . | . . . . . . Impact . | . . . . . . Slashing . | . . . . . . Piercing . | . . . . . . Sneak Attacks . | . . . . . . Combat Hostiles . | . . . . . . Follow-up Attacks . | . . . . . . Damage Inflicted 4421 | . 805 . 435 . 3181 Guns 3601 | . 805 . 238 . 2558 Cannons . | . . . . . . Explosions 800 | . . . 194 . 606 Melee . | . . . . . . Ramming 20 | . . . 3 . 17 Kinetic 3601 | . 805 . 238 . 2558 Thermal . | . . . . . . Explosive 800 | . . . 194 . 606 Electromagnetic . | . . . . . . Impact . | . . . . . . Slashing . | . . . . . . Piercing . | . . . . . . Highest Corruption . | . . . . . . Average Corruption . | . . . . . . Corruption Purged . | . . . . . . Overload Shots . | . . . . . . Overflow Damage 96 | . . . 76 . 20 Projectiles . | . . . . . . Explosions 89 | . . . 76 . 13 Melee 7 | . . . . . 7 Knockbacks . | . . . . . . Impact . | . . . . . . Kinetic . | . . . . . . Secondary . | . . . . . . Self-Inflicted Damage 41 | . . . . . 41 Shots 1 | . . . . . 1 Rammed 4 | . . . 1 . 3 Targets Rammed 4 | . . . 1 . 3 Kicked . | . . . . . . Crushed . | . . . . . . Highest Temperature 35 | . 4 . 1 22 35 Average Temperature 13 | . 3 . 1 10 16 Received Heat Transfer 231 | . 192 . 33 6 . Siege Activations . | . . . . . . Robots Corrupted . | . . . . . . Combat Hostiles . | . . . . . . Parts Fried . | . . . . . . Impact Corruptions 1 | . . . . . 1 Robots Melted . | . . . . . . Combat Hostiles . | . . . . . . Parts Melted . | . . . . . . Heat Transferred . | . . . . . . Parts Sabotaged . | . . . . . . Parts Stolen . | . . . . . . Parts Stripped . | . . . . . . Power Chain Reactions . | . . . . . . Missiles Intercepted . | . . . . . . Alert | -11 -10 -10 -9 -9 -9 ------- Run | Scr Mat Min Mat Min Exi Peak Influence 236 | . 236 34 177 . . Initial 34 | . . 34 . . . Average 73 | . 119 15 97 . . Maximum Alert Level 1 | . 1 . . . . Low Security (%) 97 | 100 95 100 100 100 . Level 1 2 | . 4 . . . . Level 2 . | . . . . . . Level 3 . | . . . . . . Level 4 . | . . . . . . Level 5 . | . . . . . . High Security . | . . . . . . Max Security . | . . . . . . Squads Dispatched 4 | . 2 . 2 . . Investigation 2 | . 1 . 1 . . Extermination . | . . . . . . Reinforcement 2 | . 1 . 1 . . Assault . | . . . . . . Garrison . | . . . . . . Intercept . | . . . . . . Construction Impeded . | . . . . . . Haulers Reinforced . | . . . . . . Stealth | -11 -10 -10 -9 -9 -9 --------- Run | Scr Mat Min Mat Min Exi Distress Signals 2 | . 1 . 1 . . Communications Jammed . | . . . . . . Distress Signals . | . . . . . . Times Spotted 58 | . 21 . 12 3 22 Peak Tracking Total 10 | . 3 . 5 3 10 Tactical Retreats 11 | . 1 . . . 10 Traps | -11 -10 -10 -9 -9 -9 ------- Run | Scr Mat Min Mat Min Exi Traps Triggered 1 | . 1 . . . . Indirectly . | . . . . . . Trap Hack Attempts . | . . . . . . Triggered . | . . . . . . Disarmed . | . . . . . . Reprogrammed . | . . . . . . Reused . | . . . . . . Traps Extracted . | . . . . . . Installed . | . . . . . . Triggered . | . . . . . . Exploded 3 | . . . . . 3 Machines | -11 -10 -10 -9 -9 -9 ---------- Run | Scr Mat Min Mat Min Exi Machines Disabled 13 | . 1 . . . 12 Max in Single Turn 1 | . 1 . . . 1 Machines Sabotaged . | . . . . . . Garrisons Compromised . | . . . . . . Overloaded Fab Kills . | . . . . . . Fab Network Shutdowns . | . . . . . . Hacking | -11 -10 -10 -9 -9 -9 --------- Run | Scr Mat Min Mat Min Exi Machines Accessed 7 | . 3 1 1 . 2 Terminals 4 | . 3 . 1 . . Fabricators . | . . . . . . Repair Stations . | . . . . . . Recycling Units . | . . . . . . Scanalyzers . | . . . . . . Garrison Access . | . . . . . . Total Hacks 15 | . 10 1 2 . 2 Successful 9 | . 5 1 1 . 2 Failed 6 | . 5 . 1 . . Catastrophic . | . . . . . . Database Lockouts . | . . . . . . Manual 13 | . 10 . 2 . 1 Terminals 12 | . 10 . 2 . . Fabricators . | . . . . . . Repair Stations . | . . . . . . Recycling Units . | . . . . . . Scanalyzers . | . . . . . . Garrison Access . | . . . . . . Terminal Hacks 7 | . 3 1 1 . 2 Record 1 | . . . . . 1 Open Door 1 | . . 1 . . . Locate Traps 1 | . 1 . . . . Zone Layout 3 | . 2 . 1 . . EX-Prototype ID Bank 1 | . . . . . 1 Fabricator Hacks . | . . . . . . Repair Station Hacks . | . . . . . . Recycling Unit Hacks . | . . . . . . Scanalyzer . | . . . . . . Garrison Access Hacks . | . . . . . . Unauthorized Hacks 2 | . 2 . . . . Terminals 2 | . 2 . . . . Track 2 | . 2 . . . . Fabricators . | . . . . . . Repair Stations . | . . . . . . Recycling Units . | . . . . . . Scanalyzers . | . . . . . . Garrison Access . | . . . . . . Data Cores Recovered . | . . . . . . Used . | . . . . . . Hacking Detections 4 | . 3 . 1 . . Full Trace Events . | . . . . . . Feedback Events . | . . . . . . Feedback Blocked . | . . . . . . Robot Schematics Acquired . | . . . . . . Robots Built . | . . . . . . Matter . | . . . . . . Time . | . . . . . . Total Robot Build Rating . | . . . . . . Part Schematics Acquired . | . . . . . . Parts Built . | . . . . . . Matter . | . . . . . . Time . | . . . . . . Total Part Build Rating . | . . . . . . Parts Repaired . | . . . . . . Time . | . . . . . . Parts Recycled . | . . . . . . Recycled Matter . | . . . . . . Retrieved Matter . | . . . . . . Retrieved Components . | . . . . . . Parts Scanalyzed . | . . . . . . Part Schematics Acquired . | . . . . . . Parts Damaged . | . . . . . . Bothacking | -11 -10 -10 -9 -9 -9 ------------ Run | Scr Mat Min Mat Min Exi Used RIF Installer . | . . . . . . Robots Hacked . | . . . . . . Non-combat . | . . . . . . Combat . | . . . . . . Robot Hacks Applied . | . . . . . . Relay Couplers Released . | . . . . . . Robots Rewired . | . . . . . . Allies Hacked . | . . . . . . Hacks Repelled . | . . . . . . Allies | -11 -10 -10 -9 -9 -9 -------- Run | Scr Mat Min Mat Min Exi Total Allies 3 | . . 3 . . . Largest Group 3 | . . 3 3 1 . Highest-Rated Group 40 | . . 40 40 16 . Highest-Rated Ally 16 | . . 16 16 16 . Total Orders . | . . . . . . Ally Attacks 35 | . . . 31 4 . Total Damage 330 | . . . 285 45 . Kills 1 | . . . 1 . . Allies Corrupted . | . . . . . . Allies Melted . | . . . . . . Intel | -11 -10 -10 -9 -9 -9 ------- Run | Scr Mat Min Mat Min Exi Robot Analysis Total . | . . . . . . Derelict Logs Recovered 1 | . . 1 . . . Drone Launches . | . . . . . . Drone Recoveries . | . . . . . . Exploration | -11 -10 -10 -9 -9 -9 ------------- Run | Scr Mat Min Mat Min Exi Turns Passed 6461 | 74 1309 883 413 184 3598 Spaces Moved 3008 | 42 602 485 194 82 1603 Core 3 | 3 . . . . . Treads 3005 | 39 602 485 194 82 1603 Legs . | . . . . . . Wheels . | . . . . . . Hover . | . . . . . . Flight . | . . . . . . Fastest Speed 50 | 50 160 180 180 180 180 Average Speed 187 | 152 179 180 180 180 195 Slowest Speed 220 | 160 180 180 180 180 220 Overloaded Moves . | . . . . . . Propulsion Burnouts . | . . . . . . Robots Hopped . | . . . . . . Cave-ins Triggered . | . . . . . . Exploration Rate (%) 54 | 3 89 92 28 26 90 Regions Visited 5 Branch Regions 3 Pre-discovered Areas 2 | . . 1 . . 1 Known Exits Taken . | . . . . . . Unknown Exits Taken 5 | 1 1 1 1 1 . Scrap Searched 1 | . . . . 1 . Spaces Dug . | . . . . . . Terrain Destroyed 60 | . . . 29 . 31 Melee . | . . . . . . Projectile . | . . . . . . AOE 60 | . . . 29 . 31 Terrain Rammed . | . . . . . . Walls Destroyed . | . . . . . . Machines Disabled . | . . . . . . Actions | -11 -10 -10 -9 -9 -9 --------- Run | Scr Mat Min Mat Min Exi Total 3481 | 49 754 491 229 100 1858 Wait 160 | . 103 4 5 9 39 Move 3003 | 41 601 484 193 81 1603 Hop . | . . . . . . Pick Up 46 | 2 7 1 10 2 24 Fast Attach 11 | 6 1 . 1 . 3 Attach 13 | . . . 1 . 12 Detach 2 | . . . . . 2 Swap 15 | . 3 . 3 3 6 Drop 26 | . 1 . . . 25 Fire 201 | . 38 2 15 5 141 Melee . | . . . . . . Ram . | . . . . . . Kick . | . . . . . . Crush 4 | . . . 1 . 3 Escape Stasis . | . . . . . . Rewire . | . . . . . . Trap . | . . . . . . Miscellaneous . | . . . . . . Route ------- -11/Scrapyard -10/Materials (discovered 5 exits: *Mat x3 / *Min x2) -10/Mines (discovered 2 exits: *Mat x2) -9/Materials (discovered 2 exits: [*Min] / [Sto]) -9/Mines -9/Exiles (discovered 1 exit: [*Min]) History --------- Turn | Location | Event 8 | -11/Scrapyard | Discovered new exit (range 16) 75 | -11/Scrapyard | Entered Materials 203 | -10/Materials | Discovered new exit (range 15) 308 | -10/Materials | Build established: Mutant 406 | -10/Materials | Discovered new exit (range 8) 408 | -10/Materials | Discovered new exit (range 16) 869 | -10/Materials | Discovered new exit (range 4) 1119 | -10/Materials | Discovered new exit (range 13) 1384 | -10/Materials | Entered Mines 1389 | -10/Mines | Met a Derelict who couldn't figure out how to use a Trap Extractor 1454 | -10/Mines | Received a Rocket Launcher from a helpful Derelict 1466 | -10/Mines | Learned location of Zion (-7) 1510 | -10/Mines | Discovered new exit (range 7) 1947 | -10/Mines | Discovered new exit (range 5) 1967 | -10/Mines | Assisted by bots powering up and referring to "LRC-V3" 2267 | -10/Mines | Entered Materials 2267 | -9/Materials | Accompanied by 3 allies 2267 | -9/Materials | Evolved 2 slots: Utility x2 2475 | -9/Materials | Discovered new exit (range 10) 2575 | -9/Materials | Build established: Hauler-Mutant 2639 | -9/Materials | Discovered new exit (range 15) 2680 | -9/Materials | Entered Mines 2680 | -9/Mines | Accompanied by 1 ally 2812 | -9/Mines | Excavation squad dispatched 2812 | -9/Mines | A large section of the Mines collapsed 2857 | -9/Mines | Deemed a non-threat by the Exiles lab entrance 2857 | -9/Mines | Discovered new exit (range 5) 2864 | -9/Mines | Entered Exiles 2908 | -9/Exiles | Met 8R-AWN 2936 | -9/Exiles | Met EX-HEX 3042 | -9/Exiles | Met EX-DEC 3222 | -9/Exiles | Met EX-BIN 3252 | -9/Exiles | Aligned with FarCom system 3254 | -9/Exiles | Given EX-Vault access code 3304 | -9/Exiles | Opened EX-Vault 3320 | -9/Exiles | Found Superbattery 3325 | -9/Exiles | Found Gui. Plasma Cannon 3368 | -9/Exiles | Warned to stay clear of 0b10 Research branches 3494 | -9/Exiles | Discovered new exit (range 14) 3710 | -9/Exiles | Found AWS/Autocannon 5197 | -9/Exiles | Attacked by the Exiles 5407 | -9/Exiles | Lost 8 parts (2n3u3w) 5451 | -9/Exiles | Core integrity fell below 50% 5452 | -9/Exiles | Destroyed 8R-AWN 5473 | -9/Exiles | Lost 4 parts (2n2u) 5521 | -9/Exiles | Found Prototype Processor 5594 | -9/Exiles | Core integrity fell below 20% 5916 | -9/Exiles | Destroyed EX-BIN 5957 | -9/Exiles | Found Prototype Device 5957 | -9/Exiles | Identified System Purifier 6304 | -9/Exiles | Destroyed EX-HEX 6358 | -9/Exiles | Destroyed EX-DEC 6462 | -9/Exiles | Self-destructed Last Messages --------------- 05974_ Machine disabled. 05976_ GM-J5T destroyed. 05981_ Acquired 30 matter. 05996_ Destroyed EX Chip 1. 05998_ Destroyed EX Chip 2. 06155_ Extracted 34 matter. 06266_ Machine disabled. 06284_ Slammed into EX-HEX. 06284_ Destroyed EX Chip 1. 06284_ EX-HEX system corrupted by crushing effect. 06286_ Slammed into EX-HEX. 06295_ Acquired 17 matter. 06300_ Acquired 25 matter. 06304_ EX-HEX destroyed. 06314_ Acquired 30 matter. 06321_ Acquired 18 matter. 06343_ Destroyed Prototype Engine. 06358_ EX-DEC: "This would never have happened if OCT was still around!" 06358_ EX-DEC destroyed. 06375_ Acquired 29 matter. Map ----- +----------------------------------------------------+ | ???????????????????????????????????????#" | | ???????????????????????????????????????#"""" | | ???????????????????????????????????????#"" | | ???????????????????????????????????????#" | | ???????????????????????????????????????#""" | | ???????????????????????????????????????## | | ????????????????????????????????????????#"" | | ????????????????????????????????????????##""" | | ?????????????????????????????????????????##"""" | | ??????????????????????????????????????????### | | ????????????????????????????????????????????##### | | ????????????????????????????????????????????????## | | ?????????????????????????????????????????????????# | | ?????????????????????????????????????????????????# | | ?????????????????????????????????????????????????# | | ?????????????????####??????????????????####??????# | | ????????????????#"""""????????"""""???#""""""????# | | ????????????????#"" ??????"""""""???#"""""""#??# | | ????????????????#" ?????"""""" "#??#" """"#??# | | ????????????????#"" ??#""#""" """???#"" """#??# | | ?????????????????"" ??#""#"" ""????"" ""???# | | ????????????#######"""###""###"""########"""###### | | ???????????#"" " "" """"""" """""""" """"" | | ???????????#" !!"""""" """ "" !!! | | ????????????""" !& !! !! !! | | ????????????"""" !!!!@ = =!!! | | ???????????#"" !! = ! | | ???????????#""" "" " | | ????????????"" """ """""" " """"" " """" | | ????????????#######"""########"""###""###"""###### | | ?????????????????"" ??????"" ""#""#"" ""???? | | ?????????????????""" "?????#""" ""#""#""" ""#??? | | ?????????????????" """?????#" """"""""#" " "#??? | | ?????????????????"""""??????"""""""????"""""""#??? | | ????????????????????????????"""""""????"""""""#??? | | ?????????????????????????????????????????####????? | | ?????????????????????????????????????????????????? | | ?????????????????????????????????????????????????? | | ?????????????????????????????????????????????????? | | ?????????????????????????????????????????????????? | | | | | | | | | | | | | | | | | | | | | +----------------------------------------------------+ Best States ------------- Heat Dissipation 28 Energy Generation 10 Energy Capacity 250 Matter Stores 300 Matter Capacity 300 Sight Range 16 Terrain Scan Density 10 Armor Coverage 450 Evasion (%) 40 Recoil Reduction 2 Item Schematics ----------------- None Robot Schematics ------------------ None Fabricated ------------ Nothing Alien Tech Used ----------------- None Achievements -------------- None Challenges ------------ None Game ------ Seed BiomechanicalTrackerStreamer Manual? 0 Play Time 00:24:42 Cumulative 157.6 hours Start 2021.05.21 @ 19:56:10 End 2021.05.22 @ 09:53:12 Sessions 3 Manual Loads 0 Difficulty Rogue Special Mode None Game No. 198 Rogue 111 Adventurer 87 Explorer 0 Win Type - Total 4 Types 3/0/0/1/0/0/0/0/0 Lore% 62 Gallery% 71 Achievement% 58 Wizard Run 0 Options --------- ASCII 0 Keyboard 1 Movement Numpad Keybinds 0 Fullscreen 1 Font 18/Smallcaps Map View 76x50 Tactical HUD 1 Map Filters NONE Filters NONE Steam 1 RUN: b2c68ea4-f256-427a-99b3-ad6207bae54b